 Dungeon Crawl Stone Soup version 0.23-a0-375-g66a18ee (webtiles) character file.

42 CrossKnight the Skirmisher (level 3, 0/33 HPs)
             Began as a Hill Orc Fighter on Oct 26, 2018.
             Slain by an adder (2 damage)
             ... on level 2 of the Dungeon.
             The game lasted 00:11:45 (1144 turns).

CrossKnight the Skirmisher (Hill Orc Fighter)       Turns: 1144, Time: 00:11:46

Health: 0/33       AC:  6    Str: 19    XL:     3   Next: 54%
Magic:  3/3        EV:  7    Int:  8    God:
Gold:   54         SH:  9    Dex: 12    Spells: 2/2 levels left

rFire    . . .     SeeInvis .   a - +0 long sword
rCold    . . .     Gourm    .   c - +0 shield
rNeg     . . .     Faith    .   b - +0 scale mail
rPois    .         Spirit   .   (no helmet)
rElec    .         Reflect  .   (no cloak)
rCorr    .         Harm     .   (no gloves)
MR       .....                  (no boots)
Stlth    ..........             (no amulet)
HPRegen  0.11/turn              (no ring)
MPRegen  0.08/turn              (no ring)

@: lethally poisoned (0 -> -2), flying
A: agile 1, deterioration 1
a: no special abilities


You were on level 2 of the Dungeon.
You were very hungry.

You visited 1 branch of the dungeon, and saw 2 of its levels.

You collected 54 gold pieces.

Inventory:

Hand Weapons
 a - a +0 long sword (weapon)
Armour
 b - a +0 scale mail (worn)
 c - a +0 shield (worn)
Potions
 d - a potion of might
 g - a potion of flight
Comestibles
 f - 5 rations


   Skills:
 + Level 3.8 Fighting
 + Level 3.1 Long Blades
 + Level 3.5 Armour
 + Level 0.1 Dodging
 + Level 3.8 Shields


You had 2 spell levels left.
You didn't know any spells.
Your spell library was empty.

Dungeon Overview and Level Annotations

Branches:
Dungeon (2/15)

Altars:


Innate Abilities, Weirdness & Mutations

You are agile. (Dex +2)
Your body sometimes deteriorates upon taking damage.


Message History

You block the adder's attack.
It was a potion of flight.
You feel very buoyant.
You fly up into the air.
The adder closely misses you.
You slash the adder!
The adder is almost dead.
The adder bites you.
* * * LOW HITPOINT WARNING * * *
The adder bites you but does no damage.
You closely miss the adder.
The adder is almost dead.
* * * LOW HITPOINT WARNING * * *
You feel sick. You block the adder's attack. x2
You miss the adder.
The adder is almost dead.
The adder bites you but does no damage.
You closely miss the adder.
The adder is almost dead.
The adder bites you.
You die...

#. . ##. .## ..
... #.##.# ..#.#
# #.#.#
#.##$#.#########
#..@S.†.##.....#
###
##.#.##.##.....#
..
#.#.##.##.....#
..
#.#.##.##.....#
.
#.#.##........#
#
#.......#######
# ###.###.# #
#.###.###
#.......#


You could see an adder.

Vanquished Creatures
  2 adders (D:2)
  2 leopard geckos (D:1)
  2 goblins
  3 hobgoblins
  3 kobolds (D:1)
  2 ball pythons
  7 bats
  2 frilled lizards (D:1)
  A rat (D:1)
  3 plants (D:1)
27 creatures vanquished.

Notes
Turn   | Place    | Note
-------+----------+-------------------------------------------
     0 | D:1      | CrossKnight the Hill Orc Fighter began the quest for the
                  | Orb.
     0 | D:1      | Reached XP level 1. HP: 19/19 MP: 1/1
   388 | D:1      | Reached XP level 2. HP: 27/27 MP: 2/2
   954 | D:2      | Reached XP level 3. HP: 19/33 MP: 3/3
   960 | D:2      | Gained mutation: Your body sometimes deteriorates upon
                  | taking damage. [potion of mutation]
   960 | D:2      | Gained mutation: You are agile. (Dex +2) [potion of
                  | mutation]
  1142 | D:2      | HP: 1/33 [poisoned by an adder]
  1144 | D:2      | Slain by an adder

Vault maps used:
D:1:      minmay_arrival_doors, serial_forest, infiniplex_forest_straight_2,
          infiniplex_forest_clump_double, infiniplex_forest_lined_corner,
          infiniplex_forest_pool, infiniplex_forest_straight_1,
          infiniplex_forest_clump_curved, infiniplex_forest_lined_room_2,
          minmay_pentomino_s4
D:2:      eat_drink_and_be_merry_uskayaw, lemuel_doored_altar,
          kennysheep_jessica_study

Skill      XL: |  1  2 |
---------------+-------+-----
Long Blades    | 3 |  3.1
Fighting       | |  3.8
Armour         | |  3.5
Dodging        | |  0.1
Shields        | |  3.8

Action                   || total
-------------------------++-------
Melee: Long sword        ||   189
  Use: Scroll            ||     6
       Potion            ||     3
Armor: Scale mail        ||   121
Dodge: Dodged            ||    73
Block: Shield            ||   143
       Rpst.: Long sword ||    21

Table legend:
 A = Non-vault XP
 B = Vault XP
 C = Vault XP percentage of total XP
 D = Non-vault monster count
 E = Vault monster count
 F = Vault count percentage of total count
                 A         B        C        D         E       F
            +---------+---------+-------+---------+---------+-------
      Total |      54 |       6 |  10.0 |      20 |       4 |  16.7
            +---------+---------+-------+---------+---------+-------
        D:1 |      21 |       6 |  22.2 |      14 |       4 |  22.2
        D:2 |      33 |       0 |   0.0 |       6 |       0 |   0.0
            +---------+---------+-------+---------+---------+-------
